 Dungeon Sprint DCSS version 0.23.2-1-ga50397a6bc (webtiles) character file.

Game seed: 13446677287537498444

1483 Morrissey the Grappler (level 8, -21/87 HPs)
             Began as a Troll Earth Elementalist on May 2, 2019.
             Was a High Priest of Makhleb.
             Killed from afar by an eidolon (33 damage)
             ... with a bolt of negative energy
             ... in the Dungeon (Sprint VII: "The Pits").
             The game lasted 00:05:09 (733 turns).

Morrissey the Grappler (Troll Earth Elementalist)    Turns: 733, Time: 00:05:09

Health: -21/87     AC:  6    Str: 17      XL:     8   Next: 50%
Magic:  11/11      EV: 19    Int:  9 (11) God:    Makhleb [*****.]
Gold:   0          SH:  0    Dex: 12      Spells: 3/9 levels left

rFire    . . .     SeeInvis .     - Unarmed
rCold    . . .     Gourm    +   (no shield)
rNeg     . . .     Faith    .   c - +0 robe
rPois    .         Spirit   .   (helmet restricted)
rElec    .         Reflect  .   (no cloak)
rCorr    .         Harm     .   (gloves unavailable)
MR       .....     NoTele   +   (boots unavailable)
Stlth    +.........             (no amulet)
HPRegen  0.64/turn              n - +3 ring of evasion
MPRegen  0.12/turn              p - +3 ring of evasion

@: drained
A: large, unfitting armour, claws 3, fast metabolism 3, gourmand, regeneration
1, shaggy fur 1, tough skin 3
a: Minor Destruction, Lesser Servant of Makhleb, Major Destruction, Greater
Servant of Makhleb, Renounce Religion


You were in the Dungeon.
You worshipped Makhleb.
Makhleb was extremely pleased with you.
You were very full.

You visited 1 branch

Inventory:

Missiles
 b - 40 stones (quivered)
Armour
 c - a +0 robe (worn)
Jewellery
 n - a +3 ring of evasion (left claw)
 p - a +3 ring of evasion (right claw)
Scrolls
 j - a scroll of blinking
 l - 3 scrolls of remove curse
 m - 5 scrolls of amnesia
Potions
 e - 6 potions of curing
 f - 8 potions of heal wounds
 g - 2 potions of haste
 h - 4 potions of magic
 i - 6 potions of berserk rage
 k - 2 potions of invisibility
 o - a potion of brilliance
 q - 2 potions of mutation
Comestibles
 a - 4 chunks of flesh
 d - 10 rations


   Skills:
 - Level 7.4(6.7) Fighting
 + Level 7.3(6.6) Dodging
 - Level 1.0(0.4) Stealth
 * Level 11.5(10.7) Unarmed Combat
 - Level 1.2(0.6) Spellcasting
   Level 0.6(0.0) Transmutations
 - Level 5.6(4.9) Earth Magic
 + Level 6.0(5.3) Invocations


You had 3 spell levels left.
You knew the following spells:

 Your Spells              Type           Power        Failure   Level  Hunger
a - Sandblast             Erth           #.....       4%          1    ##.....
b - Lee's Rapid Deconstr  Erth           #.........   80%         5    ######.

Your spell library contained the following spells:

 Spells                   Type           Power        Failure   Level  Hunger
 Passwall                 Tmut/Erth      #.......     22%         2    ###....
 Stone Arrow              Conj/Erth      #.....       38%         3    ####...
 Petrify                  Tmut/Erth      #.......     80%         4    #####..


Dungeon Overview and Level Annotations

Branches:
Dungeon (1/1)

Altars:
Ashenzari
Cheibriados
Dithmenos
Elyvilon
Fedhas
Gozag
Hepliaklqana
Kikubaaqudgha
Makhleb
Nemelex Xobeh
Okawaru
Qazlal
Ru
Sif Muna
Trog
Uskayaw
Vehumet
Wu Jian
Xom
Yredelemnul
Zin
The Shining One
Beogh
Jiyva
Lugonu


Innate Abilities, Weirdness & Mutations

You are too large for most types of armour.
You have claws for hands.
Your metabolism is lightning-fast.
You like to eat raw meat.
Your natural rate of healing is unusually fast.
You are covered in fur. (AC +1)
You have extremely tough skin. (AC +3)


Message History

You mangle the eidolon!!
The eidolon is severely damaged.
The eidolon hits you!
* * * LOW HITPOINT WARNING * * *
The eidolon barely misses you.
Okay, then.
You claw the eidolon!
The eidolon is almost destroyed.
The eidolon barely misses you. The eidolon hits you!
* * * LOW HITPOINT WARNING * * *
You claw the eidolon!
The eidolon is almost destroyed.
A demon appears!
The gnoll shouts!
The eidolon misses you. The eidolon closely misses you.
You scratch the eidolon but do no damage.
The eidolon is almost destroyed.
The eidolon stares piercingly at you. The bolt of negative energy hits you!!
You feel drained.
You die...

_________.# _________.#
_______...###########++######
#########'##................#
.?|.')))'.##......#..#......#
#########.##................+
..........)'..1.............+
'#####'#####......#..#......#
.#..#..#..##....@W..g.......#
.#..)..)..#####'#####''######
.##+####'###.......##''#
.#.....รท..##.......##....
.#........##.......##....#
.#####'#####...<...##...##
.#...)))[.##.......##..##
.#...)))[.##.......##..#
'###########.......#


You could see an eidolon, a gnoll and a friendly Executioner.

Vanquished Creatures
  A blink frog (D)
  A fire bat (D)
  A basilisk (D)
  A floating eye (D)
  A bullfrog (D)
  An iron imp (D)
  A mummy (D)
  A gnoll (D)
  An ufetubus (D)
  A leopard gecko (D)
  4 orcs (D)
  A bat zombie (D)
  A giant cockroach (D)
  A hobgoblin (D)
  3 jackals (D)
  A kobold (D)
  A quokka (D)
  3 ball pythons (D)
  A frilled lizard (D)
26 creatures vanquished.

Vanquished Creatures (collateral kills)
  A hydra (D)
  3 blink frogs (D)
  An orc warrior (D)
  An orc priest (D)
  An orc (D)
7 creatures vanquished.

Grand Total: 33 creatures vanquished

Notes
Turn   | Place    | Note
-------+----------+-------------------------------------------
     0 | D        | Morrissey the Troll Earth Elementalist began the quest for
                  | the Orb.
     0 | D        | Reached XP level 1. HP: 16/16 MP: 1/1
    15 | D        | Reached skill level 1 in Fighting
    15 | D        | Reached skill level 2 in Unarmed Combat
    15 | D        | Reached XP level 2. HP: 15/28 MP: 2/2
    44 | D        | Found a glowing golden altar of the Shining One.
    44 | D        | Found a glowing silver altar of Zin.
    44 | D        | Found a basalt altar of Yredelemnul.
    44 | D        | Found a shimmering altar of Xom.
    44 | D        | Found an ornate altar of the Wu Jian Council.
    44 | D        | Found a bloodstained altar of Trog.
    44 | D        | Found a deep blue altar of Sif Muna.
    44 | D        | Found a sacrificial altar of Ru.
    44 | D        | Found a stormy altar of Qazlal.
    44 | D        | Found an iron altar of Okawaru.
    44 | D        | Found a sparkling altar of Nemelex Xobeh.
    44 | D        | Found a burning altar of Makhleb.
    44 | D        | Found a viscous altar of Jiyva.
    44 | D        | Found a hazy altar of Hepliaklqana.
    44 | D        | Found an opulent altar of Gozag.
    44 | D        | Found a blossoming altar of Fedhas.
    44 | D        | Found a white marble altar of Elyvilon.
    44 | D        | Found a shadowy altar of Dithmenos.
    44 | D        | Found a snail-covered altar of Cheibriados.
    45 | D        | Found a radiant altar of Vehumet.
    45 | D        | Found a corrupted altar of Lugonu.
    45 | D        | Found a roughly hewn altar of Beogh.
    46 | D        | Found a hide-covered altar of Uskayaw.
    46 | D        | Found an ancient bone altar of Kikubaaqudgha.
    46 | D        | Found a shattered altar of Ashenzari.
    79 | D        | Became a worshipper of Makhleb the Destroyer
   104 | D        | Reached * piety under Makhleb
   112 | D        | Noticed a floating eye
   114 | D        | Paralysed by a floating eye for 3 turns
   120 | D        | Killed a floating eye
   120 | D        | Reached skill level 5 in Unarmed Combat
   120 | D        | Reached XP level 3. HP: 40/40 MP: 3/3
   120 | D        | Reached XP level 4. HP: 49/49 MP: 4/4
   126 | D        | Noticed a bullfrog
   127 | D        | Reached ** piety under Makhleb
   141 | D        | Killed a bullfrog
   141 | D        | Reached skill level 5 in Fighting
   141 | D        | Reached skill level 6 in Unarmed Combat
   141 | D        | Reached XP level 5. HP: 49/57 MP: 5/5
   142 | D        | Reached *** piety under Makhleb
   162 | D        | Learned a level 5 spell: Lee's Rapid Deconstruction
   309 | D        | Noticed a fire bat
   316 | D        | Killed a fire bat
   316 | D        | Reached skill level 5 in Dodging
   316 | D        | Reached skill level 7 in Unarmed Combat
   316 | D        | Reached XP level 6. HP: 66/68 MP: 6/6
   324 | D        | Reached **** piety under Makhleb
   335 | D        | Reached skill level 8 in Unarmed Combat
   390 | D        | Noticed a basilisk
   397 | D        | Killed a basilisk
   420 | D        | Noticed an orc warrior
   420 | D        | Noticed a blink frog
   420 | D        | Noticed a blink frog
   420 | D        | Noticed a blink frog
   420 | D        | Noticed a four-headed hydra
   420 | D        | Noticed a blink frog
   423 | D        | Reached ***** piety under Makhleb
   430 | D        | Killed a blink frog
   430 | D        | Reached skill level 9 in Unarmed Combat
   430 | D        | Reached XP level 7. HP: 35/78 MP: 7/9
   443 | D        | Killed a blink frog
   443 | D        | Reached skill level 10 in Unarmed Combat
   452 | D        | Killed a four-headed hydra
   452 | D        | Reached skill level 11 in Unarmed Combat
   452 | D        | Reached skill level 5 in Earth Magic
   452 | D        | Reached skill level 5 in Invocations
   452 | D        | Reached XP level 8. HP: 23/87 MP: 9/11
   454 | D        | Killed a blink frog
   460 | D        | Killed a blink frog
   596 | D        | Reached ****** piety under Makhleb
   711 | D        | Noticed an eidolon
   733 | D        | Killed from afar by an eidolon

Skill      XL: |  1  2  3  4  5  6  7  8 |
---------------+-------------------------+-----
Fighting       | 1 4 5 6 7 |  7.4
Dodging        | 2 4 5 6 7 |  7.3
Unarmed Combat | 2 5 6 7 9 11 | 11.5
Invocations    | 2 4 5 6 |  6.0
Earth Magic    | 3 5 |  5.6
Stealth        | |  1.0
Spellcasting   | |  1.2
Transmutations | |  0.6

Action                   |  1- 3 |  4- 6 |  7- 9 || total
-------------------------+-------+-------+-------++-------
Melee: Unarmed           |    16 |    60 |    32 ||   108
       Punch             |       |     2 |       ||     2
Invok: Lesser Servant of |       |     1 |     2 ||     3
       Greater Servant o |       |       |     1 ||     1
  Use: Scroll            |       |       |     1 ||     1
 Stab: Sleeping          |       |     1 |       ||     1
       Distracted        |       |       |     1 ||     1
  Eat: Chunk             |       |     9 |     2 ||    11
Armor: Robe              |     3 |     9 |     5 ||    17
Dodge: Dodged            |     1 |    38 |    27 ||    66
